 Dungeon Crawl Stone Soup version 0.28-b1 (console) character file.

Game seed: 14169901332358677833

59 CuBeRJAN3 the Conjurer (level 3, 0/19 HPs)
             Began as a Deep Elf Conjurer on Jan 26, 2022.
             Slain by an orc wizard (3 damage)
             ... on level 1 of the Dungeon.
             The game lasted 00:05:25 (1427 turns).

CuBeRJAN3 the Conjurer (Deep Elf Conjurer)          Turns: 1427, Time: 00:05:25

Health: 0/19       AC:  2    Str:  4    XL:     3   Next: 78%
Magic:  7/10       EV: 13    Int: 24    God:
Gold:   65         SH:  0    Dex: 13    Spells: 4/10 levels left

rFire   . . .      SeeInvis .   (no weapon)
rCold   . . .      Faith    .   (no shield)
rNeg    . . .      Spirit   .   a - +0 robe
rPois   .          Reflect  .   (no helmet)
rElec   .          Harm     .   (no cloak)
rCorr   .          Rampage  .   (no gloves)
Will    .....                   (no boots)
Stlth   +.........              (no amulet)
HPRegen 0.06/turn               (no ring)
MPRegen 0.12/turn               (no ring)

@: confused
A: no striking features
a: no special abilities


You were on level 1 of the Dungeon.
You visited 1 branch of the dungeon, and saw 2 of its levels.

You collected 65 gold pieces.

Inventory:

Armour
 a - a +0 robe (worn)
Scrolls
 b - a scroll of immolation {unknown}
 d - a scroll of teleportation {unknown}
Potions
 c - a potion of curing {unknown}


   Skills:
 + Level 3.1 Dodging
 + Level 3.2 Stealth
 * Level 4.2 Spellcasting
 + Level 4.7 Conjurations


You had 4 spell levels left.
You knew the following spells:

 Your Spells              Type           Power      Damage    Failure   Level
a - Magic Dart            Conj           100%       1d8       1%          1
b - Searing Ray           Conj           56%        2d6       1%          2
c - Dazzling Flash        Conj/Hex       32%        N/A       11%         3

Your spell library contained the following spells:

 Spells                   Type           Power      Damage    Failure   Level
 Fulminant Prism          Conj/Hex       8%         3d7       34%         4
 Iskenderun's Mystic Bla  Conj/Tloc      16%        2d5       34%         4


Dungeon Overview and Level Annotations

Branches:
Dungeon (2/15)

Altars:


Message History

Aiming: Searing Ray (safe; 1% risk of failure)
Press: ? - help, Shift-Dir - straight line, f - giant cockroach
Aim: a giant cockroach (79% to hit)
The searing ray hits the giant cockroach!
You kill the giant cockroach! (Press . to maintain the ray.)
You start resting.
Magic restored.
You start resting.
HP restored.
You climb downwards.
There is a stone staircase leading up here.
The orc wizard hits you with a +0 dagger.
You climb upwards.
There is a stone staircase leading down here.
Casting: Searing Ray (safe; 1% risk of failure)
Confirm with . or Enter, or press ? or * to list all spells.
Aiming: Searing Ray (safe; 1% risk of failure)
Press: ? - help, Shift-Dir - straight line, f - orc wizard
Aim: an orc wizard, wielding a +0 dagger and wearing a +0 robe (74% to hit)
The searing ray hits the orc wizard.
The orc wizard is lightly wounded. (Press . to maintain the ray.)
The orc wizard hits you with a +0 dagger.
The searing ray hits the orc wizard!
The orc wizard is severely wounded.
The orc wizard points at you and mumbles some strange words.
You are confused.
The orc wizard hits you but does no damage.
The orc wizard barely misses you.
You're too confused to cast spells.
You bump into the rock wall.
The orc wizard hits you but does no damage.
Unknown command.
The orc wizard casts a spell at you. The magic dart hits you!
Ouch! That really hurt!
* * * LOW HITPOINT WARNING * * *
The orc wizard hits you with a +0 dagger.
You die...

....##.###### ### ##..##.#
#..##.# #..##.# ##### #..##.###
##...## #..#....# ##.....##
#..##.#.# #.......## ##..##.#.#
#......... ....##.#.#########
#.....≈≈≈≈ ....#..........o>#
##..≈≈≈≈≈≈ ....#....#######@#
#.#.≈≈≈≈≈≈ ##..#....# #.#
#.##≈≈≈≈≈≈ #..#....# #.###
#.##.##### #.....### #...#
##.#.##... #..##.# ###.#
##...'._. ##..##'## #.# #####...
....#...## #.# #≈≈####
....#.)..## ###.# #≈≈≈≈≈≈
....#.....## ##.#.## #≈≈≈≈≈≈
##..#......####.....#######≈≈≈≈≈≈
#..#......'........).........≈≈≈


You could see an orc wizard.

Vanquished Creatures
  An orc wizard (D:2)
  An adder (D:2)
  An orc (D:2)
  2 ball pythons (D:1)
  2 bats (D:1)
  An endoplasm (D:1)
  A giant cockroach (D:1)
  3 goblins (D:1)
  3 hobgoblins
  2 kobolds
  A quokka (D:1)
  A frilled lizard (D:1)
  2 rats
21 creatures vanquished.

Notes
Turn   | Place    | Note
-------+----------+-------------------------------------------
     0 | D:1      | CuBeRJAN3 the Deep Elf Conjurer began the quest for the
                  | Orb.
     0 | D:1      | Reached XP level 1. HP: 10/10 MP: 6/6
   405 | D:1      | Found a faded altar of an unknown god.
   499 | D:1      | Reached XP level 2. HP: 15/15 MP: 6/8
   502 | D:1      | Learned a level 2 spell: Searing Ray
  1079 | D:2      | Reached XP level 3. HP: 19/19 MP: 7/10
  1123 | D:2      | Learned a level 3 spell: Dazzling Flash
  1427 | D:1      | Slain by an orc wizard

Illustrated notes

Levels and vault maps discovered:
D:1:      dpeg_arrival_boxorama, layout_loops_corners,
          nicolae_ecumenical_lake_church
D:2:      layout_basic, serial_shops, nicolae_shop_advertising_works
          [nicolae_subvault_shop_adworks]

Skill      XL: |  1  2  3 |
---------------+----------+-----
Stealth        | 3 |  3.2
Dodging        | 3 |  3.1
Spellcasting   | 4 |  4.2
Conjurations   | |  4.7

Action                   || total
-------------------------++-------
 Cast: Magic Dart        ||    30
       Searing Ray       ||     4
Armor: Robe              ||     3
Dodge: Dodged            ||     9
